 Dungeon Crawl Stone Soup version 0.29-a0-378-gc08b2e8bf8 (webtiles) character file.

Game seed: 8969483499509115117

420 Bruhh the Digger (level 7, -10/46 HPs)
             Began as a Human Earth Elementalist on May 4, 2022.
             Killed from afar by Ijyb (31 damage)
             ... with a bolt of acid
             ... on level 3 of the Dungeon.
             The game lasted 00:05:31 (3992 turns).

Bruhh the Digger (Human Earth Elementalist)         Turns: 3992, Time: 00:05:32

Health: -10/46     AC:  2    Str:  8    XL:     7   Next: 16%
Magic:  14/14      EV: 12    Int: 18    God:
Gold:   115        SH:  0    Dex: 13    Spells: 11/15 levels left

rFire   . . .      SeeInvis .   i - staff of earth
rCold   . . .      Faith    .   (no shield)
rNeg    . . .      Spirit   .   b - +0 robe
rPois   .          Reflect  .   (no helmet)
rElec   .          Harm     .   (no cloak)
rCorr   .          Rampage  .   (no gloves)
Will    .....                   (no boots)
Stlth   ++........              (no amulet)
HPRegen 0.15/turn               (no ring)
MPRegen 0.14/turn               (no ring)

@: no status effects
A: no striking features
a: no special abilities


You were on level 3 of the Dungeon.
You visited 1 branch of the dungeon, and saw 4 of its levels.

You collected 115 gold pieces.

Inventory:

Hand Weapons
 d - a +0 dagger
 k - a +0 trident of distortion
 q - a +0 dagger
 r - a +3 dagger of venom
Missiles
 a - 129 stones
Armour
 b - a +0 robe (worn)
Magical Staves
 i - a staff of earth (weapon)
Jewellery
 p - a ring of flight
 u - a ring of ice
Wands
 s - a wand of iceblast (13)
Scrolls
 e - 3 scrolls of identify {unknown}
 j - a scroll of silence {unknown}
 l - 2 scrolls of poison {unknown}
 m - a scroll of teleportation {unknown}
 o - 3 scrolls of blinking {unknown}
 v - a scroll of fog {unknown}
Potions
 c - 2 potions of magic
 f - a potion of degeneration {unknown}
 g - 2 potions of curing
 h - 2 potions of attraction {unknown}
 n - a potion of mutation {unknown}
 t - a potion of invisibility {unknown}
 w - a potion of resistance {unknown}
 x - 2 potions of haste {unknown}


   Skills:
 - Level 2.0 Dodging
 - Level 2.0 Stealth
 + Level 4.8 Spellcasting
 + Level 0.0 Conjurations
 - Level 1.0 Transmutations
 * Level 5.7 Earth Magic


You had 11 spell levels left.
You knew the following spells:

 Your Spells              Type           Power      Damage    Failure   Level
a - Sandblast             Erth           74%        2d16      1%          1
b - Stone Arrow           Conj/Erth      44%        3d9       12%         3

Your spell library contained the following spells:

 Spells                   Type           Power      Damage    Failure   Level
 Passwall                 Tmut/Erth      20%        N/A       4%          2
 Petrify                  Tmut/Erth      24%        N/A       32%         4
 Confusing Touch          Hex            4%         N/A       38%         3
 Yara's Violent Unravell  Hex/Tmut       3%         3d4       97%         5
 Enfeeble                 Hex            2%         N/A       100%        7


Dungeon Overview and Level Annotations

Branches:
Dungeon (4/15)
 Temple: D:4-7

Altars:
Makhleb

Annotations:
D:3 Ijyb


Message History

Things that are here:
a +0 club; a goblin corpse
e - 3 scrolls labelled HEHODYSAQU (gained 1)
Found a stone staircase leading up.
An iguana comes into view.
An iguana is nearby!
You feel a surge of power!
The blast of sand hits the iguana!
The iguana is severely wounded.
The iguana misses you.
You feel a surge of power!
The blast of sand misses the iguana.
The iguana barely misses you.
You feel a surge of power!
The blast of sand misses the iguana.
The iguana misses you.
You feel a surge of power!
The blast of sand hits the iguana!
You kill the iguana!
There is a stone staircase leading up here.
You climb upwards.
Found a whip.
There is a stone staircase leading down here.
You feel a surge of power!
The blast of sand hits the hobgoblin!!
You kill the hobgoblin!
Magic restored.
a - 129 stones (gained 13)
Found a chain mail.
h - 2 murky inky potions (gained 1) Ijyb the Twisted Goblin comes into view.
She is wielding a +4 club and carrying a wand of acid (9).
You see here a +0 chain mail.
Ijyb is nearby!
Ijyb is nearby!
You can't see any susceptible monsters within range! (Use Z to cast anyway.) Ijyb zaps a wand.
The bolt of acid hits you!!
Ouch! That really hurt!
* * * LOW HITPOINT WARNING * * *
You are too injured to fight recklessly!
You are too injured to fight recklessly!
You are too injured to fight recklessly!
It was a potion of curing.
You feel better.
Ijyb zaps a wand.
The bolt of acid hits you!!
Ouch! That really hurt!
You die...

#. #. #.######.
#...#.... ........
#...... #.....
########....#
#.#########.......#....
#.g...@..[...........#.
###########.......#..#.
###.#####.... #.#
##.#.> #.####....#
#.##...###.
###.##.#.##..
#............
#........##..


You could see Ijyb.

Vanquished Creatures
  A black bear (D:4)
  A scorpion (D:4)
  A hound (D:4)
  A jelly (D:4)
  An iguana (D:4)
  Natasha (thrice) (D:4)
  A scorpion zombie (D:2)
  An adder (D:2)
  An adder skeleton (D:2)
  2 worms (D:2)
  4 dart slugs
  5 ball pythons
  A bat zombie (D:2)
  3 endoplasms
  7 goblins
  9 hobgoblins
  2 jackals (D:4)
  3 quokkas
  A ball python skeleton (D:2)
  A ball python zombie (D:2)
  4 bats
  A frilled lizard (D:1)
  7 kobolds
  A quokka skeleton (D:2)
  A quokka zombie (D:2)
  3 rats (D:2)
66 creatures vanquished.

Notes
Turn   | Place    | Note
-------+----------+-------------------------------------------
     0 | D:1      | Bruhh the Human Earth Elementalist began the quest for the
                  | Orb.
     0 | D:1      | Reached XP level 1. HP: 13/13 MP: 3/3
   486 | D:1      | Reached XP level 2. HP: 19/19 MP: 1/5
   663 | D:1      | Found a faded altar of an unknown god.
  1034 | D:1      | Reached XP level 3. HP: 24/24 MP: 6/6
  1442 | D:2      | Found a burning altar of Makhleb.
  1863 | D:2      | Reached XP level 4. HP: 17/30 MP: 8/8
  2136 | D:2      | Reached skill level 4 in Earth Magic
  3096 | D:3      | You fall into a shaft and drop 1 floor!
  3113 | D:4      | Reached XP level 5. HP: 35/35 MP: 8/10
  3143 | D:4      | Learned a level 3 spell: Stone Arrow
  3191 | D:4      | Noticed Natasha
  3193 | D:4      | Killed Natasha
  3314 | D:4      | Noticed Natasha
  3352 | D:4      | Killed Natasha
  3548 | D:4      | Reached skill level 5 in Earth Magic
  3548 | D:4      | Reached XP level 6. HP: 36/41 MP: 7/12
  3717 | D:4      | Noticed a black bear
  3722 | D:4      | Killed a black bear
  3785 | D:4      | Noticed Natasha
  3790 | D:4      | Killed Natasha
  3792 | D:4      | Reached XP level 7. HP: 46/46 MP: 10/14
  3988 | D:3      | Noticed Ijyb
  3992 | D:3      | Killed from afar by Ijyb

Illustrated notes

Levels and vault maps discovered:
D:1:      sevenhm_arrival_forest_fort_small_4, layout_loops_corners,
          chequers_ecumenical_altar_lobes
D:2:      cheibrodos_old_hovel, layout_loops_ring, basic_altar, serial_undead,
          serial_undead_a, serial_undead_c, serial_undead_e, serial_undead_a,
          minmay_tetromino_t4
D:3:      minmay_door_path, layout_rooms, mainiacjoe_overflow_tiny_flanked,
          uniq_ijyb, uniq_terence
D:4:      layout_layer_cave, lightli_sewer_entry_pipes, uniq_natasha

Skill      XL: |  1  2  3  4  5 |
---------------+----------------+-----
Spellcasting   | 3 4 |  4.8
Earth Magic    | 4 5 |  5.7
Dodging        | |  2.0
Stealth        | |  2.0
Transmutations | |  1.0

Action                   |  1- 3 |  4- 6 |  7- 9 || total
-------------------------+-------+-------+-------++-------
Melee: Dagger            |    31 |       |       ||    31
       Staff             |    53 |    50 |       ||   103
 Cast: Sandblast         |    27 |    35 |     8 ||    70
  Use: Potion            |       |       |     1 ||     1
 Stab: Sleeping          |     3 |     1 |       ||     4
Armor: Robe              |    23 |    27 |       ||    50
Dodge: Dodged            |    79 |    52 |     3 ||   134

Table legend: (Time is in decaauts)
 A = Elapsed time spent in this place.
 B = Non-inter-level travel time spent in this place.
 C = Inter-level travel time spent in this place.
 D = Time resting spent in this place.
 E = Time spent auto-exploring this place.
 F = Levels seen in this place.
 G = Mean time per level.
                   A        B        C        D        E       F      G
               +--------+--------+--------+--------+--------+-----+--------+
         Total |   4027 |   3900 |    127 |      0 |   3326 |   4 | 1006.8 |
       Dungeon |   4027 |   3900 |    127 |      0 |   3326 |   4 | 1006.8 |
               +--------+--------+--------+--------+--------+-----+--------+

Top non-repeatable levels by time:
     D:2: 1796 daAuts
     D:1: 1290 daAuts
     D:4: 854 daAuts
     D:3: 85 daAuts
